 Dungeon Crawl Stone Soup version 0.19-a0-713-g934ebc7 (webtiles) character file.

248 Catbag the Chopper (level 5, -2/46 HPs)
             Began as a Minotaur Fighter on June 20, 2016.
             Slain by a hound (4 damage)
             ... on level 3 of the Dungeon.
             The game lasted 00:04:04 (2527 turns).

Catbag the Chopper (Minotaur Fighter)               Turns: 2527, Time: 00:04:04

Health: -2/46      AC:  8    Str: 20    XL:     5   Next: 86%
Magic:  4/4        EV:  7    Int:  5    God:
Gold:   109        SH:  9    Dex: 11    Spells: 0 memorised, 4 levels left

rFire  . . .     SeeInvis .     a - +0 war axe
rCold  . . .     Gourm    .     b - +0 scale mail
rNeg   . . .     Faith    .     c - +0 shield
rPois  .         Spirit   .     (helmet restricted)
rElec  .         Dismiss  .     (no cloak)
rCorr  .         Reflect  .     (no gloves)
SustAt .         Harm     .     (no boots)
MR     .....                    (no amulet)
Stlth  ..........               (no ring)
                                i - +1 ring of protection

@: not resistant to hostile enchantments, extremely unstealthy
A: retaliatory headbutt, horns 2
a: no special abilities


You were on level 3 of the Dungeon.
You were not hungry.

You visited 1 branch of the dungeon, and saw 4 of its levels.

You collected 109 gold pieces.

Inventory:

Hand Weapons
 a - a +0 war axe (weapon)
Armour
 b - a +0 scale mail (worn)
 c - a +0 shield (worn)
Jewellery
 e - a +4 ring of intelligence {unknown}
 i - a +1 ring of protection (left hand)
Scrolls
 j - a scroll of magic mapping
 k - a scroll of amnesia
 l - a scroll of teleportation {unknown}
 m - a scroll of recharging {unknown}
 n - 2 scrolls of identify
 q - a scroll of remove curse {unknown}
 r - 2 scrolls of fear {unknown}
 w - a scroll of blinking {unknown}
 x - 2 scrolls of fog {unknown}
Potions
 d - a potion of might
 g - a potion of invisibility {unknown}
 o - a potion of haste {unknown}
 p - a potion of cure mutation {unknown}
 t - a potion of degeneration {unknown}
 u - a potion of cancellation {unknown}
 v - a potion of mutation {unknown}
Comestibles
 f - a bread ration
 h - a royal jelly
 s - a beef jerky


   Skills:
 - Level 3.7 Fighting
 + Level 7.3 Axes
 - Level 3.7 Armour
 - Level 3.7 Shields


You had 4 spell levels left.
You didn't know any spells.

Dungeon Overview and Level Annotations

Branches:
Dungeon (4/15)
 Temple: D:4-7

Altars:


Innate Abilities, Weirdness & Mutations

You reflexively headbutt those who attack you in melee.
You have a pair of horns on your head.


Message History

The gnoll hits you from afar with a spear of freezing.
* * * LOW HITPOINT WARNING * * *
The gnoll freezes you.
* * * LOW HITPOINT WARNING * * *
There is a stone staircase leading down here.
You block the gnoll's attack.
You climb downwards.
A hound comes into view.
The hound barks!
You hear a howl!
There is a stone staircase leading up here.
You block the hound's attack.
You climb upwards.
You block the gnoll's attack. The gnoll hits you with a spear.
* * * LOW HITPOINT WARNING * * *
The gnoll hits you but does no damage.
There is a stone staircase leading down here.
You block the gnoll's attack.
The hound pauses to sniff the ground.
The hound bites you.
You die...

#.................
#.................
#....†............
#....#.$#.........
#....#..#.!.......
#....#..#..#######
#....#..#...
######...g#..##+..
#....†.@hg#.... ...
##.###....####+##..#####
#.# #........ .......
#.# #......... .......
#.# #####...... .......
#.# ......######## #.#
......#....... #.#
......#.###### #.# #..


You could see a hound and 2 gnolls.

Vanquished Creatures
  2 orc wizards
  9 adders
  A gnoll (D:3)
  An ooze (D:2)
  2 worms
  A dart slug (D:1)
  5 giant geckos (D:2)
  6 orcs (D:2)
  6 bats
  A giant cockroach (D:1)
  4 goblins
  7 hobgoblins
  11 jackals
  5 kobolds
  A quokka (D:3)
  7 ball pythons
  4 giant newts
  9 rats
82 creatures vanquished.

Notes
Turn   | Place    | Note
--------------------------------------------------------------
     0 | D:1      | Catbag the Minotaur Fighter began the quest for the Orb.
     0 | D:1      | Reached XP level 1. HP: 19/19 MP: 0/0
   215 | D:1      | Reached skill level 3 in Axes
   226 | D:1      | Reached XP level 2. HP: 24/27 MP: 1/1
   755 | D:2      | Reached skill level 4 in Axes
   755 | D:2      | Reached XP level 3. HP: 33/33 MP: 2/2
   887 | D:2      | Reached skill level 5 in Axes
   914 | D:2      | Reached XP level 4. HP: 36/40 MP: 3/3
  1232 | D:2      | Reached skill level 6 in Axes
  1635 | D:2      | Reached XP level 5. HP: 41/46 MP: 4/4
  1772 | D:2      | You fall through a shaft!
  2107 | D:3      | Reached skill level 7 in Axes
  2526 | D:3      | HP: 2/46 [gnoll/spear (4)]
  2527 | D:3      | Slain by a hound

Vault maps used:
D:1:      lemuel_arrival_room
D:2:      minmay_snake_closets
D:3:      moated_statue, interstate_on_off, grunt_ministairs_2, uniq_jessica
D:4:      nemelex_altar_shiori, kennysheep_mini, grunt_temple_overflow_open,
          serial_shops, nicolae_shop_competitors_out_of_business

Skill      XL: |  1  2  3  4  5 |
---------------+----------------+-----
Axes           | 3 4 5 6 7 |  7.3
Fighting       | |  3.7
Armour         | |  3.7
Shields        | |  3.7

Action                   |  1- 3 |  4- 6 || total
-------------------------+-------+-------++-------
Melee: War axe           |    76 |   111 ||   187
       Headbutt          |    13 |    19 ||    32
  Use: Scroll            |       |     3 ||     3
       Potion            |       |     1 ||     1
  Eat: Bread ration      |       |     2 ||     2
Armor: Scale mail        |    48 |    66 ||   114
Dodge: Dodged            |    29 |    25 ||    54
Block: Shield            |    44 |    71 ||   115
